 Dungeon Crawl Stone Soup version 0.31-a0-836-g3ceb0a68c4 (webtiles) character file.

Game seed: 16494706464538400511

18796 fetfluga the Basher (level 12, -12/110 HPs)
             Began as a Hill Orc Monk on Sept 26, 2023.
             Was the Champion of Qazlal.
             Mangled by an ice devil (15 damage)
             ... on level 12 of the Dungeon on Sept 27, 2023.
             The game lasted 00:44:53 (13493 turns).

fetfluga the Basher (Hill Orc Monk)                Turns: 13493, Time: 00:44:55

Health: -12/110    AC: 16    Str: 25    XL:     12   Next: 62%
Magic:  12/12      EV: 19    Int: 12    God:    Qazlal [******]
Gold:   644        SH: 13    Dex: 13    Spells: 11/11 levels left

rFire   . . .        s - +5 flail (heavy)
rCold   + . .        d - orb {light}
rNeg    + . .        A - quicksilver dragon scales
rPois   .            L - +0 helmet
rElec   .            S - +0 cloak
rCorr   .            i - +1 pair of gloves
SInv    .            D - +0 pair of boots "Olyitz" {Rampage rN+ Int+2}
Will    +....        O - amulet of reflection
Stlth   +            k - +5 ring of evasion
HPRegen 0.38/turn    F - +6 ring of strength
MPRegen 0.13/turn

%: repel missiles, reflection, rampage
@: protected from cold, glowing
A: no striking features
a: Renounce Religion, Upheaval, Elemental Force, Disaster Area


You were on level 12 of the Dungeon.
You worshipped Qazlal.
Qazlal was exalted by your worship.
You visited 1 branch of the dungeon, and saw 12 of its levels.
You also visited: Bailey.

You collected 644 gold pieces.

Inventory:

Hand Weapons
 a - a +0 hand axe
 e - a +4 whip of freezing
 h - the +5 Force Lance {heavy, knockback}
   (You found it on level 8 of the Dungeon)
 q - a +2 flail of venom
 r - a +2 flail of holy wrath
 s - a +5 heavy flail (weapon)
 B - a +2 vampiric halberd
 E - the +2 spear of Xozim {flame, rElec rPois Dex-2}
   (You found it in a bailey)

   Dex-2:     It affects your dexterity (-2).
   rElec:     It insulates you from electricity.
   rPois:     It protects you from poison
Armour
 b - a +0 robe
 d - an orb of light (worn)
 f - a +0 leather armour
 g - the +1 robe of Lyntez {Rampage rElec rC- Str+4}
   (You found it on level 2 of the Dungeon)

   Str+4:     It affects your strength (+4).
   rC-:       It makes you vulnerable to cold.
   rElec:     It insulates you from electricity.
   Rampage:   It bestows one free step when moving towards enemies.
 i - a +1 pair of gloves (worn)
 z - a +2 pair of boots
 A - quicksilver dragon scales (worn)
 D - the +0 pair of boots "Olyitz" (worn) {Rampage rN+ Int+2}
   (You found it in a bailey)

   Int+2:     It affects your intelligence (+2).
   rN+:       It protects you from negative energy.
   Rampage:   It bestows one free step when moving towards enemies.
 L - a +0 helmet (worn)
 S - a +0 cloak (worn)
Jewellery
 k - a +5 ring of evasion (left hand)
 l - a ring of magical power
 u - a ring of see invisible
 F - a +6 ring of strength (right hand)
 M - a ring of ice
 O - an amulet of reflection (around neck)
 Q - an amulet of magic regeneration
Wands
 n - a wand of flame (27)
 p - a wand of charming (3)
 t - a wand of polymorph (7)
 G - a wand of digging (3)
 I - a wand of roots (14)
 P - a wand of light (1)
Scrolls
 j - 2 scrolls of teleportation
 v - a scroll of enchant armour
 y - a scroll of vulnerability
 J - a scroll of blinking
 R - 3 scrolls of fog
 T - a scroll of identify
Potions
 c - 3 potions of ambrosia
 m - 4 potions of might
 o - 5 potions of invisibility
 w - a potion of resistance {unknown}
 x - 4 potions of haste
 C - 2 potions of magic
 H - a potion of heal wounds {unknown}
 K - a potion of curing
 N - 2 potions of mutation


   Skills:
 + Level 11.0 Fighting
 + Level 4.5(11.9) Axes
 + Level 13.6(13.9) Maces & Flails
 + Level 4.2(4.9) Polearms
 + Level 4.5 Armour
 + Level 8.1 Dodging
 + Level 2.9 Stealth
 + Level 8.1 Shields


You had 11 spell levels left.
You didn't know any spells.
Your spell library contained the following spells:

 Spells                   Type           Power      Damage    Failure   Level
 Apportation              Tloc           0%         N/A       43%         1
 Magic Dart               Conj           0%         1d3       43%         1
 Necrotise                Necr           0%         1d4       43%         1
 Summon Small Mammal      Summ           0%         N/A       43%         1
 Blink                    Tloc           0%         N/A       58%         2
 Call Imp                 Summ           0%         N/A       58%         2
 Poisonous Vapours        Pois/Air       0%         N/A       58%         2
 Sublimation of Blood     Necr           0%         N/A       58%         2
 Wereblood                Tmut           0%         N/A       58%         2
 Frozen Ramparts          Ice            0%         1d1       82%         3
 Ignite Poison            Fire/Tmut/Pois 0%         N/A       82%         3
 Inner Flame              Hex/Fire       0%         N/A       82%         3
 Mephitic Cloud           Conj/Pois/Air  0%         N/A       82%         3
 Manifold Assault         Tloc           0%         N/A       99%         4
 Petrify                  Tmut/Erth      0%         N/A       99%         4
 Freezing Cloud           Conj/Ice/Air   0%         6-21      100%        5
 Irradiate                Conj/Tmut      0%         3d11      100%        5
 Metabolic Englaciation   Hex/Ice        0%         N/A       100%        5
 Yara's Violent Unravell  Hex/Tmut       0%         3d3       100%        5
 Enfeeble                 Hex            0%         N/A       100%        7
 Summon Hydra             Summ           0%         N/A       100%        7


Dungeon Overview and Level Annotations

Branches:
Dungeon (12/15)            Temple (0/1) D:7            Lair (0/5) D:8
 Bailey (visited)
    Orc: D:9-12

Altars:
Ashenzari
Cheibriados
Elyvilon
Makhleb
Qazlal
Sif Muna
Uskayaw
Wu Jian
Xom
Yredelemnul
Zin

Portals:
Trove: D:11 (give 4 scrolls of fear)


Message History

Qazlal accepts your kill.
You block the skeletal warrior's attack.
You barely miss the orc warrior.
The orc warrior is heavily wounded.
The orc priest threatens, "By the altar or by the axe, you will meet Beogh!"
You block the orc warrior's attack.
You block the skeletal warrior's attack.
You hit the orc warrior.
The orc warrior is severely wounded.
The orc warrior misses you. The skeletal warrior barely misses you.
You barely miss the orc warrior.
The orc warrior is severely wounded.
Your surroundings suddenly seem different. 3 simulacra, an ice devil, a white imp, a polar bear, 3 yaks and a bog body come into view.
Found six items.
The polar bear growls angrily.
The yak bellows!
The death yak bellows!
You hear an angry hiss. x2
The wolf simulacrum barely misses you.
You hear an angry growl.
A rime drake comes into view.
The white imp gestures at you. The puff of frost misses you.
You sock the ice devil!
The ice devil is moderately wounded.
You block the white imp's attack.
You sock the ice devil!
The ice devil is heavily wounded.
You block the ice devil's attack. The white imp barely misses you.
You block the polar bear's attack. The polar bear misses you.
The polar bear completely misses you. The naga simulacrum closely misses you.
The naga simulacrum grabs you. The naga simulacrum constricts you.
* * * LOW HITPOINT WARNING * * *
You barely miss the polar bear.
The naga simulacrum loses its grip on you.
The ice devil hits you!
* * * LOW HITPOINT WARNING * * *
The ice devil freezes you!
Your resistance to physical damage fades away.
You feel protected from cold.
You die...

###############
........8Y)?)?)
..~...°@h§..∩..
≈~~~~○54nZY....
~~≈≈≈≈.Z○ZY....
~~~~~≈~~~~~k≈~~
###~~~~~~~~~~~~
####~~~~~~~~~
#####.....
..... .####


You could see a death yak, a polar bear, an ice devil, a bog body, 2 yaks, a
rime drake, a white imp, a wolf simulacrum, a naga simulacrum and a troll
simulacrum.

Vanquished Creatures
  The ghost of WhatIsLove the Thaumaturge, a journeyman DjFE of Makhleb (D:11)
  Josephine (D:12)
  A hydra (D:9)
  2 two-headed ogres (D:9)
  A skeletal warrior (D:12)
  Lodul (D:11)
  A deep elf pyromancer (D:9)
  Pikel (D:7)
  An ugly thing (D:11)
  A cyclops (D:11)
  A spectral centaur (D:11)
  Maurice (D:10)
  2 gargoyles
  Joseph (D:8)
  A rime drake (D:8)
  Psyche (D:8)
  A kobold demonologist (D:9)
  2 guardian mummies (D:11)
  2 trolls
  7 wraiths
  4 yaks (D:8)
  A vampire (Bailey)
  A wyvern (D:9)
  A shadow (D:11)
  Eustachio (D:6)
  2 basilisks
  6 vampire mosquitoes
  A steam dragon (D:8)
  An acid dragon (D:12)
  2 water moccasins
  A sky beast (D:7)
  5 orc warriors
  4 ice beasts (D:8)
  7 ogres
  3 wolves (D:8)
  4 centaurs
  A lemure (D:7)
  2 phantoms
  4 kobold brigands
  A necrophage (D:5)
  A gnoll sergeant (D:9)
  A water moccasin zombie (D:5)
  4 bullfrogs
  16 wights
  4 killer bees
  6 vampire bats (Bailey)
  6 wolf zombies (Bailey)
  2 howler monkeys
  An iron imp (D:4)
  2 bullfrog zombies (D:5)
  3 hounds (D:5)
  2 jellies (D:4)
  6 orc priests
  Jessica (D:3)
  A human zombie (D:5)
  5 iguanas
  A sleepcap (D:6)
  Natasha (thrice) (D:3)
  A scorpion zombie (D:5)
  13 orc wizards
  A hound zombie (D:5)
  3 mummies (D:5)
  4 gnolls (D:4)
  6 adders
  4 dart slugs
  2 worms
  52 orcs
  3 bats (D:3)
  11 endoplasms
  2 giant cockroaches
  11 goblins
  4 hobgoblins
  7 jackals
  3 quokkas
  6 ball pythons
  2 frilled lizards
  25 kobolds
  17 orc zombies (Bailey)
  A rat (D:1)
325 creatures vanquished.

Vanquished Creatures (others)
  2 spectral centaurs (D:11)
  An unseen horror (D:12)
  A centaur simulacrum (D:11)
  A meliai simulacrum (D:11)
5 creatures vanquished.

Grand Total: 330 creatures vanquished

Notes
Turn   | Place    | Note
-------+----------+-------------------------------------------
     0 | D:1      | fetfluga the Hill Orc Monk began the quest for the Orb.
     0 | D:1      | Reached XP level 1. HP: 19/19 MP: 1/1
    97 | D:1      | Found a faded altar of an unknown god.
   100 | D:1      | Prayed at the altar of an unknown god.
   100 | D:1      | Became a worshipper of Qazlal Stormbringer
   100 | D:1      | Reached * piety under Qazlal
   100 | D:1      | Reached ** piety under Qazlal
   194 | D:1      | Reached XP level 2. HP: 18/27 MP: 2/2
   540 | D:1      | Reached *** piety under Qazlal
   658 | D:2      | Identified the +1 robe of Lyntez {Rampage rElec rC- Str+4}
   742 | D:2      | Reached XP level 3. HP: 33/33 MP: 3/3
  1069 | D:2      | Reached skill level 1 in Maces & Flails
  1250 | D:3      | Noticed Natasha
  1258 | D:3      | Killed Natasha
  1259 | D:3      | Reached skill level 2 in Maces & Flails
  1259 | D:3      | Reached XP level 4. HP: 37/41 MP: 4/4
  1344 | D:3      | Noticed Natasha
  1353 | D:3      | Killed Natasha
  1354 | D:3      | Reached XP level 5. HP: 35/47 MP: 5/5
  1421 | D:3      | Found a burning altar of Makhleb.
  1486 | D:3      | Reached skill level 3 in Maces & Flails
  1516 | D:3      | Reached **** piety under Qazlal
  1552 | D:3      | Noticed Natasha
  1563 | D:3      | Killed Natasha
  1565 | D:3      | Noticed Jessica
  1570 | D:3      | Killed Jessica
  1571 | D:3      | Reached XP level 6. HP: 20/53 MP: 6/6
  1906 | D:4      | Found a snail-covered altar of Cheibriados.
  1910 | D:4      | Reached skill level 4 in Maces & Flails
  1949 | D:4      | Reached skill level 1 in Shields
  2548 | D:4      | Reached skill level 5 in Fighting
  2548 | D:4      | Reached skill level 5 in Maces & Flails
  2548 | D:4      | Reached XP level 7. HP: 57/61 MP: 7/7
  7083 | D:5      | Entered Level 5 of the Dungeon
  7124 | D:5      | Reached skill level 1 in Stealth
  7195 | D:5      | Found a basalt altar of Yredelemnul.
  7240 | D:5      | Reached skill level 6 in Maces & Flails
  7381 | D:5      | Reached XP level 8. HP: 58/69 MP: 8/8
  7940 | D:5      | Reached skill level 7 in Maces & Flails
  8274 | D:6      | Found a broken altar of Ashenzari.
  8400 | D:6      | Noticed Eustachio
  8400 | D:6      | Found a shimmering blue altar of Sif Muna.
  8416 | D:6      | Killed Eustachio
  8417 | D:6      | Reached skill level 8 in Maces & Flails
  8437 | D:6      | Reached XP level 9. HP: 35/78 MP: 9/9
  8575 | D:6      | Found a hide-covered altar of Uskayaw.
  8577 | D:6      | Found an ornate altar of the Wu Jian Council.
  8831 | D:7      | Noticed Pikel
  8843 | D:7      | Killed Pikel
  8844 | D:7      | Reached skill level 5 in Dodging
  8859 | D:7      | Found a shimmering altar of Xom.
  8859 | D:7      | Found a faded altar of an unknown god.
  8867 | D:7      | Found a glowing silver altar of Zin.
  8870 | D:7      | Found a white marble altar of Elyvilon.
  8872 | D:7      | Found a faded altar of an unknown god.
  9084 | D:7      | Got a weird book
  9105 | D:7      | Reached skill level 9 in Maces & Flails
  9133 | D:7      | Found a staircase to the Ecumenical Temple.
  9484 | D:8      | Noticed a rime drake
  9484 | D:8      | Noticed Joseph
  9493 | D:8      | Killed Joseph
  9496 | D:8      | Killed a rime drake
  9497 | D:8      | Reached XP level 10. HP: 74/88 MP: 10/10
  9499 | D:8      | Reached skill level 10 in Maces & Flails
  9709 | D:8      | Found the +5 Force Lance {heavy, knockback}
  9789 | D:8      | Reached skill level 5 in Shields
  9798 | D:8      | Found a staircase to the Lair.
  9867 | D:8      | Found a flagged portal.
  9870 | D:8      | Reached ***** piety under Qazlal
  9881 | Bailey   | Entered a bailey
  9966 | Bailey   | Reached skill level 1 in Polearms
 10081 | Bailey   | Noticed a gargoyle
 10086 | Bailey   | Killed a gargoyle
 10115 | Bailey   | Reached skill level 1 in Armour
 10135 | Bailey   | Identified the +0 pair of boots "Olyitz" {Rampage rN+
                  | Int+2}
 10140 | Bailey   | Identified the +2 spear of Xozim {flame, rElec rPois Dex-2}
 10413 | D:8      | Noticed Psyche
 10419 | D:8      | Killed Psyche
 10553 | D:8      | Reached XP level 11. HP: 68/94 MP: 11/11
 10697 | D:9      | Noticed a two-headed ogre
 10704 | D:9      | Killed a two-headed ogre
 10705 | D:9      | Reached skill level 11 in Maces & Flails
 10964 | D:9      | Noticed a seven-headed hydra
 10964 | D:9      | Noticed a deep elf pyromancer
 10968 | D:9      | Killed a seven-headed hydra
 10975 | D:9      | Killed a deep elf pyromancer
 11041 | D:9      | Noticed a two-headed ogre
 11043 | D:9      | Killed a two-headed ogre
 11550 | D:10     | Entered Level 10 of the Dungeon
 11606 | D:10     | Noticed Maurice
 11612 | D:10     | Killed Maurice
 11613 | D:10     | Reached skill level 10 in Fighting
 11861 | D:10     | Reached skill level 12 in Maces & Flails
 12024 | D:11     | Found a runed translucent gate.
 12024 | D:11     | Found a runed translucent gate.
 12024 | D:11     | Found a runed translucent gate.
 12038 | D:11     | Noticed WhatIsLove's ghost (journeyman DjFE)
 12053 | D:11     | Killed WhatIsLove's ghost
 12490 | D:11     | Noticed Lodul
 12495 | D:11     | Noticed a cyclops
 12496 | D:11     | Killed Lodul
 12497 | D:11     | Reached XP level 12. HP: 90/107 MP: 12/12
 12820 | D:11     | Found a portal to a secret trove of treasure.
 12823 | D:11     | Reached skill level 13 in Maces & Flails
 13021 | D:12     | Noticed Josephine
 13032 | D:12     | Killed Josephine
 13036 | D:12     | Reached ****** piety under Qazlal
 13489 | D:12     | Noticed a death yak
 13493 | D:12     | HP: 3/110 [ice devil (7)]
 13493 | D:12     | Mangled by an ice devil

Illustrated notes

Levels and vault maps discovered:
D:1:      giann_horns, layout_basic, hellmonk_ecumenical_altar_inner_sanctum,
          minmay_pentomino_u2
D:2:      layout_loops_ring
D:3:      layout_rooms, nicolae_overflow_crystal_walls, minmay_fountain_box,
          minivault_14, minivault_27, uniq_jessica, uniq_natasha
D:4:      layout_basic, slow_altar_1
D:5:      layout_layer_cave, lemuel_mausoleum_altar_yredelemnul,
          nicolae_ossuary_entry_plus, nicolae_houndstooth_variations
D:6:      nicolae_cairo_tiling, layout_rooms, lemuel_tele_altar,
          grunt_temple_overflow_open, uniq_eustachio
D:7:      layout_loops_corners, chequers_temple_overflow_minitemple,
          minmay_temple_entry_drinking_statues, uniq_pikel
D:8:      layout_basic, hellmonk_lair_entry_icy, enter_bailey_5, uniq_joseph,
          uniq_psyche, uniq_erica
D:9:      layout_long_grid, minmay_shattered_shrine
D:10:     layout_rooms, lemuel_coloured_pillars_altar, uniq_maurice
D:11:     layout_roguey, gammafunk_ghost_necromancy,
          nicolae_trove_entry_path_of_doom, uniq_lodul
D:12:     dreamdust_isle_of_ice, layout_rooms, david_orc_4, uniq_josephine

Skill      XL: |  1  2  3  4  5  6  7  8  9 10 11 12 |
---------------+-------------------------------------+-----
Fighting       | 4 5 6 8 9 10 11 | 11.0
Maces & Flails | 2 3 5 6 8 9 10 12 13 | 13.6
Dodging        | 3 4 5 6 7 8 |  8.1
Shields        | 1 2 3 4 5 7 8 |  8.1
Stealth        | 1 2 |  2.9
Polearms       | 4 |  4.2
Armour         | 1 3 4 |  4.5
Axes           | |  4.5

Action                     |  1- 3 |  4- 6 |  7- 9 | 10-12 || total
---------------------------+-------+-------+-------+-------++-------
  Melee: Whip              |    60 |    97 |       |       ||   157
         Flail             |       |     6 |   159 |   341 ||   506
         Lance             |       |       |       |    56 ||    56
    Use: Scroll            |     3 |     4 |     4 |    10 ||    21
         Potion            |     2 |     2 |     3 |     3 ||    10
 Armour: Robe              |    25 |    45 |    87 |    56 ||   213
         Leather armour    |     6 |       |       |       ||     6
         Skin              |       |       |    10 |       ||    10
         Quicksilver drago |       |       |       |   182 ||   182
  Dodge: Dodged            |    31 |    91 |   203 |   431 ||   756
         Repelled          |       |       |       |     4 ||     4
  Block: Orb               |    10 |    33 |    54 |   248 ||   345
         Other             |       |       |    10 |       ||    10

Table legend: (Time is in decaauts)
 A = Elapsed time spent in this place.
 B = Non-inter-level travel time spent in this place.
 C = Inter-level travel time spent in this place.
 D = Time resting spent in this place.
 E = Time spent auto-exploring this place.
 F = Levels seen in this place.
 G = Mean time per level.
                   A        B        C        D        E       F      G
               +--------+--------+--------+--------+--------+-----+--------+
         Total |  13662 |  13662 |      0 |   6281 |      0 |  13 | 1050.9 |
       Dungeon |  13263 |  13263 |      0 |   6252 |      0 |  12 | 1105.2 |
        Bailey |    399 |    399 |      0 |     29 |      0 |   1 |  399.0 |
               +--------+--------+--------+--------+--------+-----+--------+

Top non-repeatable levels by time:
     D:4: 5161 daAuts
    D:11: 1081 daAuts
     D:5: 1039 daAuts
     D:9: 941 daAuts
     D:8: 802 daAuts
     D:7: 739 daAuts
     D:6: 689 daAuts
     D:3: 678 daAuts
     D:1: 656 daAuts
     D:2: 576 daAuts
    D:12: 491 daAuts
    D:10: 405 daAuts
  Bailey: 399 daAuts
